← All builds
Suicide front / Armada / Factory first / OBSERVED BUILD

Standard suicide front

Armada Suicide front build order · Supreme Isthmus

The role's standard play: bot lab first, Rocketeer/Centurion/Pawn based force pushes into the middle to contest and hold it until T2 arrives.

Usually lab first (63%)

#rush #push · 1309 distinct matches · 127 players · 71% of Armada Suicide front games · team won 59% of 1550 · Recently observed

HOW TO PLAY IT

Key timing: Bot Lab by 0:20

  1. Open with mex and wind, drop Bot Lab immediately.
  2. Push out first "Centurion" as Pond's boost lands.
  3. Send "Rocketeer", "Centurion", "Pawn" mix to contest middle.
  4. Add Dragon's Teeth and Sentries to hold the line.
  5. Get Advanced Metal Extractor up as T2 nears.

Phase by phase

TYPICAL OF ITS 1309 GAMES
  1. 1
  2. 2
  3. 3
PLAY THE OPENING

Follow the example game's first 6:00 step by step: what to build now, what comes next, and where it goes. At 1× it keeps pace with your own game.

  1. 1

    Bot Lab first

    Order
    1. Bot LabBot Lab done ~0:20, middle half 0:20–0:33

    Some games also: mex (37%)

  2. 2

    Bot Lab to 5:00

    Economy
    • Metal Extractor5Mex
    • Wind Turbine4Wind
    Builders
    • Construction Bot3 Con bot
    • Lazarus2 Lazarus
    Army
    • Sentry4 Sentry
    • Rocketeer17 Rocketeer
    • Tick2 Tick
    • Centurion1 Centurion
    Other
    • Radar Tower1 Radar Tower

    Some games also: con turret (35%) · pawn (33%)

    By 5:00 in all: 5 mex · 4 wind

    The example game in this phase · 47 steps
    1. Construction BotCon bot
    2. Mex
    3. Solar
    4. SentrySentry
    5. Construction BotCon bot
    6. Mex
    7. LazarusLazarus
    8. Mex
    9. CenturionCenturion
    10. SentrySentry
    11. LazarusLazarus
    12. CenturionCenturion
    13. Construction BotCon bot
    14. SentrySentry ×2
    15. Construction BotCon bot
    16. SentrySentry
    17. RocketeerRocketeer
    18. SentrySentry
    19. Wind
    20. RocketeerRocketeer
    21. Wind
    22. Mex
    23. RocketeerRocketeer
    24. Wind
    25. RocketeerRocketeer ×2
    26. Wind
    27. LazarusLazarus
    28. Wind
    29. Construction BotCon bot
    30. Wind
    31. Radar TowerRadar Tower
    32. SentrySentry
    33. Wind
    34. RocketeerRocketeer
    35. SentrySentry
    36. Wind
    37. RocketeerRocketeer
    38. BeamerBeamer
    39. Wind
    40. RocketeerRocketeer
    41. Con turret
    42. RocketeerRocketeer
    43. Dragon's TeethDragon's Teeth ×5
    44. RocketeerRocketeer
    45. Con turret
    46. Energy storage
    47. LazarusLazarus
  3. 3

    5:00 to 10:00

    Economy
    • Metal Extractor1Mex
    • Wind Turbine17Wind
    Builders
    • Construction Turret2 Con turret
    • Lazarus2 Lazarus
    • Construction Bot1 Con bot
    Army
    • Sentry1 Sentry
    • Rocketeer8 Rocketeer
    • Pawn1 Pawn

    Some games also: tick (47%) · Radar Tower (46%) · energy storage (46%) · centurion (45%) · Beamer (39%)

    By 10:00 in all: 6 mex · 23 wind · 1 energy storage · 3 con turret

    The example game in this phase · 103 steps
    1. Construction BotCon bot
    2. Dragon's TeethDragon's Teeth ×2
    3. RocketeerRocketeer
    4. Dragon's TeethDragon's Teeth ×3
    5. RocketeerRocketeer
    6. Dragon's TeethDragon's Teeth
    7. Wind
    8. RocketeerRocketeer
    9. Sneaky PeteSneaky Pete
    10. Wind
    11. RocketeerRocketeer ×2
    12. Wind
    13. RocketeerRocketeer
    14. Wind
    15. RocketeerRocketeer
    16. BeamerBeamer
    17. RocketeerRocketeer
    18. Wind
    19. Con turret
    20. Wind
    21. BeholderBeholder
    22. Wind
    23. Dragon's TeethDragon's Teeth ×3
    24. Wind
    25. Dragon's TeethDragon's Teeth
    26. BeholderBeholder ×2
    27. Wind
    28. Advanced Bot LabAdvanced Bot Labdone 10:00
    29. Wind ×4
    30. Advanced Metal ExtractorT2 mexdone 9:07 · typical 9:36
    31. Wind ×3
    32. SentrySentry
    33. Dragon's TeethDragon's Teeth ×2
    34. Advanced Metal ExtractorT2 mex
    35. Wind
    36. Dragon's TeethDragon's Teeth ×4
    37. Wind
    38. Dragon's TeethDragon's Teeth ×3
    39. Wind
    40. Dragon's TeethDragon's Teeth
    41. Wind
    42. Advanced Metal ExtractorT2 mex
    43. Wind
    44. Con turret
    45. Wind ×7
    46. Dragon's TeethDragon's Teeth ×2
    47. Con turret
    48. Wind
    49. Dragon's TeethDragon's Teeth
    50. Wind
    51. Dragon's TeethDragon's Teeth
    52. FatboyFatboynot finished by 15:00
    53. Dragon's TeethDragon's Teeth
    54. Wind
    55. Dragon's TeethDragon's Teeth
    56. Wind
    57. Dragon's TeethDragon's Teeth ×2
    58. Con turret
    59. Wind
    60. Dragon's TeethDragon's Teeth
    61. Advanced Metal ExtractorT2 mex
    62. Wind
    63. Dragon's TeethDragon's Teeth ×2
    64. Wind
    65. Dragon's TeethDragon's Teeth
    66. Wind
    67. BeamerBeamer
    68. Wind ×4
    69. BeamerBeamer
    70. Wind ×2
    71. Dragon's TeethDragon's Teeth
    72. Wind
    73. Dragon's TeethDragon's Teeth ×2
    74. Wind ×2
    75. JunoJuno
    76. Wind ×3
    77. Cloakable Fusion ReactorCloakable Fusion Reactordone 14:12
    78. Wind
    79. Con turret ×2
    80. Wind ×3
    81. Con turret ×2
    82. Wind
    83. Radar TowerRadar Tower
    84. Wind ×6
    85. Fortification WallFortification Wall
    86. Wind
    87. Fortification WallFortification Wall ×3
    88. Wind
    89. RattlesnakeRattlesnakenot finished by 15:00
    90. Wind
    91. Converter
    92. Wind
    93. Fortification WallFortification Wall ×2
    94. Wind
    95. Aircraft PlantAircraft Plantdone 14:46
    96. Converter
    97. Wind
    98. Dragon's TeethDragon's Teeth
    99. Wind
    100. Converter
    101. BlinkScout plane ×3
    102. Wind
    103. BlinkScout plane

Counts are medians over the build's games: half of them build more, half fewer. The example game is SkyFireEX's (37 OS, 19/09/2026); pick another.

Team trades

IN AT LEAST 30% OF ITS GAMES

You hand over

Nothing regular.

You get

  • Tidal Generator4 Tidal from Pondfirst at 0:10 · in 69% of games
  • Advanced Construction Bot1 T2 con bot from Geo or Techfirst at 7:30 · in 59% of games

How it plays out

Typical game of this build, running totals by minute

Metal produced

010k20k30k
0:005:0010:0015:00

metal

Enemy metal destroyed

05k10k
0:005:0010:0015:00

metal

Own metal lost

05k10k
0:005:0010:0015:00

metal

1550 games.

Show as table
ByMetal produced: This buildEnemy metal destroyed: This buildOwn metal lost: This build
1:0022600
2:0088900
3:002051180106
4:003161660496
5:00424314171026
6:00543423001787
7:00667231752706
8:00792440303613
9:00931647974495
10:001069854325318
11:001225359116059
12:001410665186829
13:001622670297536
14:001809577098373
15:002043283489240
WHAT THE NUMBERS SAY

Standard suicide front play wins slightly more than half its games with fast kills but also fast losses, matching the raw grind of the role.

  • + First kill lands by 2:04 in all games
  • + Metal produced reaches 19882 by 15:00
  • − Own metal lost hits 9208 by 15:00, near metal destroyed of 8172
  • − First unit lost as early as 2:08 in every game
THE EXAMPLE YOU ARE READING

SkyFireEX

36.5 OS · 19/09/2026

Open source match ↗

17 received units · includes a constructor
119 metal received · 43557 energy received

Allied construction assistance is unknown. Timings are observations, not a promise of solo reproducibility.

Typical milestones

Bot Lab0:20Middle 50%: 0:20–0:33 · n=1543
Advanced Metal Extractor9:36Middle 50%: 8:42–10:48 · n=1143

Played most by

_X_253games of this buildPlatinumBlonde181games of this buildXad127games of this buildImmort74games of this buildwatermeloans60games of this build